 Dungeon Crawl Stone Soup version 0.29.0-13-gc9e81de378 (webtiles) character file.

Game seed: 11698018077688129917

6659 concernfroge the Skirmisher (level 10, -3/85 HPs)
             Began as a Mummy Monk on Sept 10, 2022.
             Was an Initiate of Gozag.
             Slain by a blink frog (12 damage)
             ... on level 1 of the Lair of Beasts.
             The game lasted 00:29:25 (9419 turns).

concernfroge the Skirmisher (Mummy Monk)            Turns: 9419, Time: 00:29:26

Health: -3/85      AC: 12    Str: 22    XL:     10   Next: 73%
Magic:  10/10      EV: 15    Int: 11    God:    Gozag
Gold:   1127       SH:  0    Dex: 16    Spells: 9/9 levels left

rFire   x . .      SeeInvis .   d - +0 triple crossbow (venom)
rCold   + . .      Faith    .   (shield currently unavailable)
rNeg    + + +      Spirit   .   r - +1 scale mail {rPois}
rPois   ∞          Reflect  .   (no helmet)
rElec   .          Harm     .   q - +1 cloak
rCorr   .          Rampage  .   b - +2 pair of gloves {Stlth+}
Will    +....                   (no boots)
Stlth   ++........              (no amulet)
HPRegen 0.24/turn               k - +6 ring of strength
MPRegen 0.12/turn               j - +4 ring of evasion

@: gold aura
A: cold resistance 1, negative energy resistance 3, torment resistance 2, heat
vulnerability 1, in touch with death 1, no potions
a: Renounce Religion, Potion Petition, Call Merchant, Bribe Branch


You were on level 1 of the Lair of Beasts.
You worshipped Gozag.
Gozag was most pleased with you.
You visited 3 branches of the dungeon, and saw 12 of its levels.

You collected 1634 gold pieces.
You spent 507 gold pieces at shops.

Inventory:

Hand Weapons
 d - a +0 triple crossbow of venom (weapon)
Missiles
 e - 3 atropa-tipped darts
 i - 28 poisoned darts
 w - a curare-tipped dart
 x - 3 boomerangs
Armour
 b - a +2 pair of gloves of stealth (worn)
 q - a +1 cloak (worn)
 r - a +1 scale mail of poison resistance (worn)
Jewellery
 c - a ring of ice
 j - a +4 ring of evasion (right hand)
 k - a +6 ring of strength (left hand)
 l - a ring of protection from cold
Wands
 g - a wand of polymorph (8)
 m - a wand of flame (13)
Scrolls
 a - a scroll of amnesia
 f - a scroll of magic mapping
 h - a scroll of vulnerability
 n - a scroll of identify
 o - 2 scrolls of fog
 v - a scroll of blinking


   Skills:
 - Level 10.0 Fighting
 - Level 2.4 Polearms
 + Level 11.3 Ranged Weapons
 - Level 2.4 Dodging
 - Level 1.5 Stealth


You had 9 spell levels left.
You didn't know any spells.
Your spell library contained the following spells:

 Spells                   Type           Power      Damage    Failure   Level
 Petrify                  Tmut/Erth      0%         N/A       100%        4
 Metabolic Englaciation   Hex/Ice        0%         N/A       100%        5
 Statue Form              Tmut/Erth      Unusable   N/A       N/A         6

Dungeon Overview and Level Annotations

Branches:
Dungeon (10/15)            Temple (1/1) D:4            Lair (1/5) D:10
    Orc (0/2) D:10

Altars:
Ashenzari
Cheibriados
Dithmenos
Fedhas
Gozag
Hepliaklqana
Kikubaaqudgha
Makhleb
Nemelex Xobeh
Okawaru
Qazlal
Ru
Sif Muna
Trog
Uskayaw
Vehumet
Wu Jian
Xom
Yredelemnul

Shops:
D:6 [[

Annotations:
D:2 Jessica


Innate Abilities, Weirdness & Mutations

You are immune to poison.
Your flesh is cold resistant. (rC+)
You are immune to negative energy. (rN+++)
You are immune to unholy pain and torment.
You are vulnerable to heat. (rF-)
You are in touch with the powers of death.
You do not drink.


Message History

* * * LOW HITPOINT WARNING * * *
Erica gestures at you while chanting. You resist with some effort.
Fire: d) +0 triple crossbow (venom)
Press: ? - help, Q - select action, (/) - cycle Shift-Dir - straight line, f/p - Erica
Aim: Erica, wielding a +4 scimitar of flaming, wearing a +0 robe and carrying a wand of quicksilver (3) (severely wounded, 63% to hit)
You shoot a bolt. The bolt hits Erica!!
You kill Erica!
You hear a croak.
The blink frog hits you but does no damage. x2
The blink frog blinks! x3
Your Ranged Weapons skill increases to level 11!
Okay, then.
The air fills with toxic fumes!
As you read the scroll of poison, it crumbles to dust.
The blink frog is engulfed in poison gas.
The blink frog is poisoned.
The blink frog is distracted by your dazzling golden aura.
The blink frog is engulfed in poison gas.
The blink frog looks even sicker.
The blink frog croaks.
The blink frog is engulfed in poison gas.
The blink frog is poisoned.
The blink frog is engulfed in poison gas.
The blink frog looks even sicker.
Fire: d) +0 triple crossbow (venom)
Press: ? - help, Q - select action, (/) - cycle Shift-Dir - straight line, f - cane toad
Aim: a cane toad (poison gas, 69% to hit)
You shoot a bolt. The bolt hits the blink frog!!
You kill the blink frog!
The blink frog is engulfed in poison gas.
The blink frog looks even sicker.
The blink frog hits you!
* * * LOW HITPOINT WARNING * * *
The blink frog is engulfed in poison gas.
The blink frog is poisoned.
The cane toad is distracted by your dazzling golden aura.
The blink frog attacks as you move away!
The blink frog hits you!
You die...
Your body crumbles into a pile of gold.

# ### . ## §§## .
#.####§§##### #
###....§§§§§§§#
##...@..§§§§§§§.#
S..##...§§.§§§§§##
#.###.D.§§.§§§§§§#
### #...§..§§F§§F#
## #...§..§§F§$@#
.# ############§#
..# ### #..# #.#
.$. .## .


You could see a cane toad (unaware) and 2 blink frogs.

Vanquished Creatures
  A hydra (Lair:1)
  Erica (Lair:1)
  A hornet (D:9)
  A blink frog (Lair:1)
  A wraith (D:10)
  4 wyverns
  6 yaks
  A steam dragon (D:8)
  2 water moccasins
  Edmund (D:4)
  An acid dragon (D:10)
  3 black bears
  3 ice beasts (D:8)
  An ogre (D:7)
  4 centaurs
  2 phantoms
  3 kobold brigands
  A bullfrog (D:8)
  4 necrophages
  2 scorpions
  4 killer bees (D:8)
  2 electric eels (D:8)
  A wyvern simulacrum (D:8)
  4 hounds
  6 orc priests
  2 jellies
  5 iguanas
  Terence (D:3)
  6 orc wizards
  A centaur simulacrum (D:8)
  A killer bee simulacrum (D:8)
  7 gnolls
  8 adders
  4 white imps
  A howler monkey simulacrum (D:8)
  An ufetubus (D:6)
  A worm (D:4)
  A dart slug (D:5)
  26 orcs
  9 endoplasms
  2 giant cockroaches (D:3)
  13 goblins
  A hobgoblin (D:2)
  4 jackals (D:5)
  14 kobolds
  3 quokkas
  5 ball pythons
  2 bats
  2 frilled lizards
  4 rats
184 creatures vanquished.

Vanquished Creatures (others)
  15 plants (D:5)
15 creatures vanquished.

Grand Total: 199 creatures vanquished

Notes
Turn   | Place    | Note
-------+----------+-------------------------------------------
     0 | D:1      | concernfroge the Mummy Monk began the quest for the Orb.
     0 | D:1      | Reached XP level 1. HP: 18/18 MP: 1/1
   136 | D:1      | Found a faded altar of an unknown god.
   347 | D:1      | Reached XP level 2. HP: 24/24 MP: 2/2
  1411 | D:2      | Noticed Jessica
  1699 | D:3      | Noticed Sigmund
  1764 | D:3      | Gained mutation: You are in touch with the powers of death.
                  | [Mummy growth]
  1764 | D:3      | Reached XP level 3. HP: 28/31 MP: 3/3
  2182 | D:3      | Found a faded altar of an unknown god.
  2201 | D:4      | Reached skill level 5 in Fighting
  2201 | D:4      | Reached XP level 4. HP: 30/39 MP: 4/4
  2302 | D:4      | Noticed Edmund
  2312 | D:4      | Found a staircase to the Ecumenical Temple.
  2322 | Temple   | Entered the Ecumenical Temple
  2324 | Temple   | Reached skill level 1 in Ranged Weapons
  2347 | Temple   | Became a worshipper of Gozag Ym Sagoz the Greedy
  2523 | D:4      | Reached XP level 5. HP: 37/44 MP: 5/5
  2529 | D:4      | Reached skill level 2 in Ranged Weapons
  2576 | D:4      | Killed Edmund
  2577 | D:4      | Reached XP level 6. HP: 52/52 MP: 6/6
  2754 | D:4      | Reached skill level 3 in Ranged Weapons
  2875 | D:5      | Entered Level 5 of the Dungeon
  2984 | D:5      | Found a burning altar of Makhleb.
  3000 | D:5      | Reached XP level 7. HP: 59/59 MP: 7/7
  3168 | D:5      | Found a shimmering altar of Xom.
  3191 | D:5      | Reached skill level 4 in Ranged Weapons
  4453 | D:6      | Reached XP level 8. HP: 57/68 MP: 8/8
  4730 | D:6      | Reached skill level 5 in Ranged Weapons
  4835 | D:6      | Found Geefrok's Antique Armour Shoppe.
  4841 | D:6      | Bought a pair of glowing gloves for 262 gold pieces
  5148 | D:6      | Found Yegara's Dragon-Slaying Spoils.
  5371 | D:6      | Bought a runed scale mail for 245 gold pieces
  5940 | D:7      | Reached skill level 6 in Ranged Weapons
  6491 | D:3      | Noticed Sigmund
  6491 | D:3      | Sigmund changed into Sigmund the rat
  6492 | D:3      | Killed Sigmund the rat
  6607 | D:3      | Noticed Terence
  6612 | D:3      | Killed Terence
  6722 | D:3      | Found an ancient bone altar of Kikubaaqudgha.
  6839 | D:8      | Reached XP level 9. HP: 36/76 MP: 9/9
  7534 | D:8      | Reached skill level 7 in Ranged Weapons
  7550 | D:8      | Reached skill level 10 in Fighting
  7828 | D:8      | Reached skill level 8 in Ranged Weapons
  8535 | D:9      | Reached skill level 9 in Ranged Weapons
  8546 | D:10     | Entered Level 10 of the Dungeon
  8643 | D:10     | Identified the +4 short sword of Yweuce Time {freeze, rF+
                  | rN+}
  8683 | D:10     | Reached XP level 10. HP: 85/85 MP: 10/10
  8695 | D:10     | Found a staircase to the Lair.
  8815 | D:10     | Found a radiant altar of Vehumet.
  8840 | D:10     | Reached skill level 10 in Ranged Weapons
  9238 | D:10     | Found a staircase to the Orcish Mines.
  9382 | Lair:1   | Entered Level 1 of the Lair of Beasts
  9382 | Lair:1   | Noticed Erica
  9390 | Lair:1   | Noticed a four-headed hydra
  9392 | Lair:1   | Noticed a cane toad
  9411 | Lair:1   | Killed a four-headed hydra
  9415 | Lair:1   | Killed Erica
  9416 | Lair:1   | Reached skill level 11 in Ranged Weapons
  9419 | Lair:1   | Slain by a blink frog

Illustrated notes

Levels and vault maps discovered:
D:1:      heliophobic_arrival_battle_scene, layout_rooms,
          shapermc_ecumenical_altar_totnotflames, minmay_misc_feat_nine_boxes
D:2:      layout_basic, serial_forest, infiniplex_forest_straight_4,
          infiniplex_forest_clump_small, infiniplex_forest_lined_room_2,
          infiniplex_forest_fountain, infiniplex_forest_straight_3, uniq_jessica
D:3:      layout_loops_cross, nicolae_overflow_ecumenical_swirl,
          chequers_serial_rivers_micro_d, uniq_terence, uniq_sigmund
D:4:      layout_rooms, minmay_temple_entry_slanted, uniq_edmund
D:5:      layout_loops_ring, xom_confusion_cloud,
          chequers_temple_overflow_statue_of_worship, chequers_big_river
D:6:      layout_basic, serial_shops, nicolae_shop_waterfront,
          nicolae_shop_dragon_depot, minmay_misc_feat_room
D:7:      layout_basic
D:8:      layout_basic, enter_bailey_5, serial_ice, serial_ice_l, serial_ice_c,
          serial_ice_d, serial_ice_a, serial_ice_g
D:9:      layout_basic, nicolae_concentric_dashed_squares_mild
D:10:     layout_roguey, mainiacjoe_overflow_24_doors, david_lair_generic,
          orc_0_dummy
Temple:   lightli_temple_of_artemis
Lair:1:   layout_roguey, grunt_megastairs_2, infiniplex_staircase_pool,
          uniq_erica

Skill      XL: |  1  2  3  4  5  6  7  8  9 10 |
---------------+-------------------------------+-----
Fighting       | 4 5 6 7 9 10 | 10.0
Ranged Weapons | 1 2 3 4 6 9 11 | 11.3
Polearms       | |  2.4
Dodging        | |  2.4
Stealth        | |  1.5

Action                   |  1- 3 |  4- 6 |  7- 9 | 10-12 || total
-------------------------+-------+-------+-------+-------++-------
Melee: Spear             |     9 |       |       |       ||     9
       Quarterstaff      |    47 |       |       |       ||    47
       Hand axe          |    43 |       |       |       ||    43
 Fire: Triple crossbow   |    16 |    45 |   236 |    45 ||   342
Throw: Dart              |     5 |       |     5 |       ||    10
       Boomerang         |       |       |     3 |       ||     3
Evoke: Wand              |       |       |     1 |       ||     1
  Use: Scroll            |     5 |     5 |    13 |     6 ||    29
 Stab: Sleeping          |     2 |       |       |       ||     2
Armor: Robe              |     3 |       |       |       ||     3
       Chain mail        |    50 |    15 |    55 |       ||   120
       Ring mail         |    12 |       |       |       ||    12
       Scale mail        |       |       |    50 |    13 ||    63
Dodge: Dodged            |    54 |    10 |   141 |    24 ||   229
